 Dungeon Crawl Stone Soup version 0.24-a0-639-gb70a11d (console) character file.

Game seed: 16995334768524930425, levelgen mode: deterministic

10 vegansnacktivist the Sneak (level 2, -1/17 HPs)
             Began as an Octopode Earth Elementalist on Sept 21, 2019.
             Slain by a gnoll
             ... wielding a +0 whip
              (12 damage)
             ... on level 1 of the Dungeon.
             The game lasted 00:00:33 (296 turns).

vegansnacktivist the Sneak (OpEE)                    Turns: 296, Time: 00:00:33

Health: -1/17      AC:  1    Str:  7    XL:     2   Next: 20%
Magic:  1/5        EV: 13    Int: 17    God:
Gold:   32         SH:  0    Dex: 12    Spells: 4/5 levels left

rFire    . . .     SeeInvis .   (no weapon)
rCold    . . .     Gourm    .   (no shield)
rNeg     . . .     Faith    .   (helmet restricted)
rPois    .         Spirit   .   (no amulet)
rElec    .         Reflect  .   (no ring)
rCorr    .         Harm     .   (no ring)
MR       .....                  (no ring)
Stlth    +++.......             (no ring)
HPRegen  0.05/turn              (no ring)
MPRegen  0.09/turn              (no ring)
                                (no ring)
                                (no ring)

@: no status effects
A: almost no armour, stealthy swim, amphibious, 8 rings, constrict 8, camouflage
1, gelatinous body 1
a: no special abilities


You were on level 1 of the Dungeon.
You were not hungry.

You visited 1 branch of the dungeon, and saw 1 of its levels.

You collected 32 gold pieces.

Inventory:

Missiles
 b - 78 stones (quivered)
Scrolls
 a - a scroll of enchant armour {unknown}
 e - a scroll of fear {unknown}
 f - a scroll of identify {unknown}
Potions
 g - a potion of invisibility {unknown}
Comestibles
 c - a ration
 d - a chunk of flesh


   Skills:
 - Level 2.0 Dodging
 - Level 3.4 Stealth
 - Level 2.0 Spellcasting
   Level 1.0 Transmutations
 + Level 3.3 Earth Magic


You had 4 spell levels left.
You knew the following spells:

 Your Spells              Type           Power        Failure   Level  Hunger
a - Sandblast             Erth           ##....       4%          1    #......

Your spell library contained the following spells:

 Spells                   Type           Power        Failure   Level  Hunger
 Passwall                 Tmut/Erth      #.......     12%         2    ###....
 Stone Arrow              Conj/Erth      #.....       30%         3    ###....
 Petrify                  Tmut/Erth      #.......     63%         4    #####..
 Lee's Rapid Deconstruct  Erth           ##........   80%         5    ######.


Dungeon Overview and Level Annotations

Branches:
Dungeon (1/15)

Altars:


Innate Abilities, Weirdness & Mutations

You cannot wear most types of armour.
You are very stealthy in the water. (Stealth+)
You are amphibious.
You can wear up to eight rings at the same time.
You can use your tentacles to constrict eight enemies at once.
Your skin changes colour to match your surroundings (Stealth+).
Your rubbery body absorbs attacks. (AC +1, EV +1)


Message History

Casting: Sandblast (safe; 5% risk of failure)
Confirm with . or Enter, or press ? or * to list all spells.
Aiming: Sandblast (safe; 5% risk of failure)
Press: ? - help, Shift-Dir - straight line, f/p - giant cockroach
Aim: a giant cockroach (almost dead, clinging)
The blast of sand hits the giant cockroach!
You kill the giant cockroach!
b - 79 stones
Casting: Sandblast (safe; 4% risk of failure)
Confirm with . or Enter, or press ? or * to list all spells.
Aiming: Sandblast (safe; 4% risk of failure)
Press: ? - help, Shift-Dir - straight line, f - rat
Aim: a rat The blast of sand hits the rat.
You kill the rat!
b - 78 stones You see here a giant cockroach corpse.
The gnoll hits you with a +0 whip!
Ouch! That really hurt!
You die...

....#..........#....
####.#.#..#.#.#....##
..##......##............
.....#.#.##.#.#.#....#(
###.....##............
#.#.#.##............
#.....##............
##.#†### ............
##...@## ............
#....g.# #...........
.....#.#..........).....
..........##............
.....#.#.## ............
..##.....# ............
.. ####... ............
..## .......... ###
......#...


You could see a gnoll.

Vanquished Creatures
  A giant cockroach (D:1)
  A goblin (D:1)
  A hobgoblin (D:1)
  2 kobolds (D:1)
  3 bats (D:1)
  A frilled lizard (D:1)
  A rat (D:1)
10 creatures vanquished.

Notes
Turn   | Place    | Note
-------+----------+-------------------------------------------
     0 | D:1      | vegansnacktivist the Octopode Earth Elementalist began the
                  | quest for the Orb.
     0 | D:1      | Reached XP level 1. HP: 11/11 MP: 3/3
    79 | D:1      | Reached XP level 2. HP: 14/17 MP: 1/5
   296 | D:1      | Slain by a gnoll

Levels and vault maps discovered:
D:1:      dpeg_arrival_connections, layout_rooms, serial_glass, glass_columns_a,
          glass_columns_b, glass_columns_a, glass_columns_b, glass_columns_b,
          glass_columns_c, glass_columns_a, glass_columns_a, glass_columns_a,
          glass_columns_a, minmay_tetromino_s4

Skill      XL: |  1 |
---------------+----+-----
Stealth        | 3 |  3.4
Dodging        | |  2.0
Spellcasting   | |  2.0
Transmutations | |  1.0
Earth Magic    | |  3.3

Action                   || total
-------------------------++-------
Melee: Unarmed           ||    12
       Constrict         ||     4
       Tentacles         ||     2
 Cast: Sandblast         ||     8
 Stab: Sleeping          ||     1
Armor: Skin              ||     7
Dodge: Dodged            ||    19

Table legend:
 A = Non-vault XP
 B = Vault XP
 C = Vault XP percentage of total XP
 D = Non-vault monster count
 E = Vault monster count
 F = Vault count percentage of total count
                 A         B        C        D         E       F
            +---------+---------+-------+---------+---------+-------
      Total |      12 |       3 |  20.0 |       8 |       2 |  20.0
            +---------+---------+-------+---------+---------+-------
        D:1 |      12 |       3 |  20.0 |       8 |       2 |  20.0
            +---------+---------+-------+---------+---------+-------
